AoeStats
← PaulSorin93

Arabia

508093817Analyzed
1v1 RM · 12d ago on Sep 20, 2026· 45m 31s· 2 players
Game mode
Random Map
Map size
Tiny (2 player)
Population
200
Speed
Normal
Resources
Standard
Victory
Conquest
Starting age
Dark Age
Ending age
Imperial Age
RankedLock teamsTeams togetherTeam positionsShared explorationLock speedFull tech treeHidden civsTurbo modeCheats
Victory
Defeat
🇷🇴 Persians · Romania
851
+17
🇺🇸 Goths · United States
878
-17
PaulSorin93
10:31 Feudal Age
15:59 Castle Age
14:39 Loom
15:27 Double-Bit Axe
18:57 Town Watch
20:06 Horse Collar
27:37 Wheelbarrow
29:32 Heavy Plow
31:34 Hand Cart
35:23 Imperial Age
33:09 Town Patrol
34:44 Murder Holes
35:10 Ballistics
34:40 Heated Shot
35:01 Masonry
35:06 Bloodlines
34:57 Husbandry
35:11 Heavy Scorpion
36:35 Conscription
37:36 Hoardings
37:54 Elite War Elephant
38:54 Scale Barding Armor
38:39 Fletching
39:00 Forging
38:52 Padded Archer Armor
39:10 Gold Mining
39:17 Stone Mining
39:51 Citadels
41:43 Chain Barding Armor
41:20 Bodkin Arrow
45:27 Chemistry
44:57 Scale Mail Armor
45:33 Plate Barding Armor
45:14 Leather Archer Armor
45:35 Iron Casting
45:34 Devotion
bobpfef
1:04 Loom
10:15 Feudal Age
11:00 Double-Bit Axe
12:10 Horse Collar
14:20 Man-at-Arms
21:17 Gold Mining
21:20 Stone Mining
23:59 Castle Age
24:27 Long Swordsman
24:27 Pikeman
25:32 Bow Saw
27:12 Scale Mail Armor
27:24 Forging
28:25 Wheelbarrow
28:27 Heavy Plow
29:26 Town Watch
30:28 Stone Shaft Mining
35:12 Imperial Age
33:07 Hand Cart
33:12 Anarchy
33:58 Squires
36:38 Conscription
35:44 Two-Handed Swordsman
37:42 Two-Man Saw
37:40 Crop Rotation
38:53 Chemistry
38:46 Chain Mail Armor
39:07 Iron Casting
38:01 Halberdier
39:24 Champion
42:29 Blast Furnace
41:20 Fletching
41:30 Padded Archer Armor
41:39 Elite Skirmisher
43:47 Bodkin Arrow
Connection lost

Rejoining the realm…

Still unreachable

The connection could not be restored.

Session expired

The server has moved on; the page needs a fresh start.